Map: Ulrena

Players

AdminB

  • Race: Zerg Zerg

Jantos - Winner!

  • Race: Zerg Zerg
  • League: Silver

Event: DreamHack Open Tours WCS Spring Championship

VOD

Have the link to the VOD?

Description

Time

  • Played on: May 15, 2016, 3:41 a.m.
  • Length: 4:21
Show
View Real Time Build Order
Export as new Build Order

AdminB Zerg 

Build Orders: Pool First 

Get SALT Encoding   

  12  0:01  Drone  
  13  0:09  Drone  
  14  0:17  Overlord  
  14  0:57  Drone x3  
  17  1:12  Drone, Spawning Pool  
  17  1:14  Hatchery  
  16  1:20  Drone  
  17  1:39  Drone  
  18  1:53  Drone x2  
  20  2:06  Drone  
  21  2:14  Drone  
  22  2:23  Overlord  
  22  2:27  Drone  
  23  2:30  Queen x2  
  23  2:36  Spine Crawler, Drone  
  27  2:40  Drone  
  28  2:48  Drone  
  28  2:49  Drone  
  27  3:20  Overlord x3  
  27  3:23  Queen x2  
  31  3:33  Drone  
  35  3:34  Drone x4  
  35  3:38  Spine Crawler  
  35  3:50  Drone  
  35  3:51  Drone x3  
Show
View Real Time Build Order
Export as new Build Order

Jantos Zerg - Winner!

Build Orders: Hatch First 

Get SALT Encoding   

  12  0:01  Drone  
  13  0:12  Drone  
  14  0:23  Overlord  
  14  0:55  Extractor, Hatchery  
  14  0:56  Drone  
  13  1:09  Spawning Pool  
  13  1:11  Drone  
  13  1:13  Drone  
  14  1:21  Drone  
  15  1:27  Drone  
  16  1:56  Queen  
  16  1:59  Zergling x6  
  21  2:02  Metabolic Boost  
  21  2:12  Queen  
  23  2:16  Drone  
  24  2:29  Drone  
  25  2:30  Drone  
  26  2:37  Drone  
  26  2:38  Drone  
  26  2:40  Overlord  
  27  3:19  Zergling x6  
  29  3:23  Zergling x10  
  33  3:30  Drone  
  34  3:34  Zergling x2  
  34  3:38  Roach Warren  
  34  3:51  Overlord, Drone x2  

Tags
 
Add a new tag
Caveats
  • Supply blocks, unpowered buildings, or Contaminate may cause inaccurate times.
  • Supply counts are checked every 10 seconds.